[Event "Late-Titled-Tuesday-Blitz-May-28-2024"]
[Site "Chess.com"]
[Date "2024.05.28"]
[Round "7"]
[White "RandomNoob04"]
[Black "LiemLe"]
[Result "1/2-1/2"]
[WhiteElo "2779"]
[BlackElo "3014"]
[TimeControl "180+1"]
[EndTime "15:19:22 PDT"]
[Termination "Game drawn - insufficient material"]

1. e4 c5 2. d4 cxd4 3. c3 dxc3 4. Nxc3 Nc6 5. Nf3 d6 6. Bc4 a6 7. O-O Nf6 8. Bf4 Bg4 9. h3 Bxf3 10. Qxf3 e6 11.
Rfd1 Qb8 12. Be2 Ne5 13. Qg3 h5 14. Rac1 h4 15. Qe3 b5 16. a4 Nc4 17. Qf3 Be7 18. axb5 axb5 19. Nxb5 Qxb5 20. Bxc4 Qb7 21. Bxd6 Bxd6 22. Rxd6 O-O 23. b3 Qxe4 24. Qxe4 Nxe4 25. Rd4 Nc5 26. Rxh4 Rfb8 27. Rc3 Ra1+ 28. Kh2 Rb1 29. Rg3 g6 30. Rf4 Nxb3 31. h4 Nd2 32. h5 Kg7 33. Bd3 Nf1+ 34. Bxf1 Rxf1 35. hxg6 Rh8+ 36. Rh3 Rxh3+ 37. Kxh3 Kxg6 38. Kg3 f5 39. Ra4 e5 40.
f3 Kg5 41. Ra8 f4+ 42. Kh2 Re1 43. Rg8+ Kf6 44. Rf8+ Kg7 45. Re8 Re2 46. Kh3 Kf7 47. Rh8 Kf6 48. Rf8+ Kg7 49. Re8 Kg6 50. g3 Re3 51.
Kg4 Kf7 52. Rh8 fxg3 53. Kxg3 e4 54. Kf4 Rxf3+ 55. Kxe4 Ra3 56. Rh7+ Kg6 57. Re7 Ra1 58. Re5 Kf6 59. Rf5+ Ke6 60. Re5+ Kd6 61. Rd5+ Kc6 62. Rd3 Rh1 63. Kd4 Kb5 64. Kc3 Rh5 65. Rd4 Rh3+ 66.
Rd3 Rh4 67. Rd4 Rh5 68. Rd3 Kc5 69. Kd2 Kc4 70. Re3 Kd4 71. Rd3+ Ke4 72. Re3+ Kf4 73.
Rd3 Ra5 74. Rd4+ Ke5 75. Rd3 Ke4 76. Re3+ Kf4 77. Rd3 Ra4 78. Rc3 Ke4 79. Kc2 Kd4 80.
Rd3+ Kc4 81. Rc3+ Kb4 82. Rb3+ Kc5 83. Rc3+ Kd4 84. Rd3+ Ke4 85. Rc3 Ra2+ 86. Kb3 Rd2 87. Rc4+ Kd5 88. Rc8 Ke6 89. Re8+ Kd7 90. Re3 Rd6 91.
Rc3 Rb6+ 92. Kc2 Ke6 93. Re3+ Kd5 94. Rd3+ Ke4 95. Rc3 Ra6 96. Rc4+ Ke3 97. Rc3+ Ke2 98. Rc4 Ra2+ 99. Kb3 Rd2 100. Rc2 Rxc2 101. Kxc2 1/2-1/2

[Event "Late-Titled-Tuesday-Blitz-May-28-2024"]
[Site "Chess.com"]
[Date "2024.05.28"]
[Round "7"]
[White "MeisterJabo"]
[Black "ansko1999"]
[Result "0-1"]
[WhiteElo "2489"]
[BlackElo "2607"]
[TimeControl "180+1"]
[EndTime "15:19:25 PDT"]
[Termination "ansko1999 won by checkmate"]

1. e4 c5 2. Nf3 Nf6 3. e5 Nd5 4. Nc3 e6 5. Nxd5 exd5 6. Be2 Nc6 7. c3 d4 8. O-O d6 9. Bb5 dxe5 10.
Nxe5 Bd7 11. Nxd7 Qxd7 12. Re1+ Be7 13. cxd4 cxd4 14. d3 O-O 15. a3 Rfe8 16. Bd2 Qf5 17. Qb3 Bg5 18. Bxg5 Qxg5 19. Bc4 Re7 20. Re4 Na5 21.
Qb5 Qxb5 22. Bxb5 Rxe4 23. dxe4 Nb3 24. Rd1 Rc8 25. Kf1 Rc2 26. Ba4 Rxb2 27. Rd3 Nd2+ 28.
Ke1 b5 29. Rxd4 g6 30. Rxd2 Rb1+ 31. Rd1 Rb2 32. Rd2 Rb1+ 33. Bd1 Ra1 34. Rd3 a5 35. Ke2 Kg7 36. Rd5 Rxa3 37. Rxb5 Ra2+ 38. Ke1 Ra1 39.
f3 h5 40. Kd2 Kf6 41. Bc2 Rg1 42. f4 Rxg2+ 43. Kd3 Rxh2 44. Rxa5 Rh3+ 45. Kd4 Rh2 46.
Ra6+ Kg7 47. Bd3 h4 48. Ke5 h3 49. f5 gxf5 50. exf5 Rf2 51. Be4 h2 52. Ra1 Kh6 53.
Rh1 Kg5 54. Rd1 f6+ 55. Kd5 Kf4 56. Bd3 Ke3 57. Bb1 Kf3 58. Rh1 Kf4 59. Bd3 Rd2 60.
Kc4 Kg3 61. Kc3 Rf2 62. Kd4 Kg2 63.
Be4+ Kg3 64. Bd3 Rd2 65. Ke3 Rb2 66. Be4 Ra2 67. Bd3 Rb2 68. Kd4 Rg2 69. Be4 Rd2+ 70. Ke3 Rb2 71. Rc1 Rb3+ 72. Kd4 Rb4+ 73. Rc4 Rb2 74.
Rc6 Rd2+ 75. Ke3 Rd1 76. Rxf6 Re1+ 77. Kd2 Rxe4 78. Rg6+ Rg4 79. Rh6 Rh4 80. Rg6+ Kf4 81. f6 h1=Q 82. f7 Qd5+ 83. Ke2 Qe4+ 84. Kf2 Rh2+ 85.
Kg1 Qh1# 0-1

[Event "Late-Titled-Tuesday-Blitz-May-28-2024"]
[Site "Chess.com"]
[Date "2024.05.28"]
[Round "7"]
[White "Juliana_Figueira"]
[Black "VirtualCoach"]
[Result "0-1"]
[WhiteElo "1975"]
[BlackElo "2201"]
[TimeControl "180+1"]
[EndTime "15:19:29 PDT"]
[Termination "VirtualCoach won by checkmate"]

1. d4 Nf6 2. c4 e6 3. g3 d5 4. Bg2 c6 5. Qc2 Nbd7 6. Nf3 Bb4+ 7. Bd2 Bd6 8. O-O O-O 9. b3 Re8 10. Nc3 h6 11. e4 dxe4 12. Nxe4 Nxe4 13. Qxe4 Nf6 14.
Qc2 Qe7 15. Bc3 Bb4 16. Rfe1 Bxc3 17. Qxc3 Bd7 18. Ne5 Rac8 19. b4 b5 20. cxb5 cxb5 21. Qb3 Qd6 22. Rad1 Rc7 23. Nd3 Bc6 24. Nc5 Bxg2 25.
Kxg2 Rec8 26. Qe3 Nd5 27. Qd2 Qc6 28. f3 Nb6 29. Qe3 Nc4 30. Qe4 Rd8 31. Re2 Qxe4 32. fxe4 a5 33. a3 Nxa3 34. Ra2 Nc4 35. Na6 Rc6 36.
Nc5 Ne3+ 37. Kf3 Nxd1 38. Rxa5 Nc3 39. Ke3 Rb6 40. Kd3 Nd1 41. Ke2 Nb2 42. Ke3 Nc4+ 43. Kd3 Nxa5 44. bxa5 Rc6 45. Kc3 Ra8 46. Kb4 Rd6 47. Nb3 Rb8 48. e5 Rd5 49. Kc3 b4+ 50. Kc4 Kf8 51. Nc5 Ra8 52. a6 Rxc5+ 53. dxc5 Rxa6 54.
Kxb4 Rc6 55. Kb5 Rc8 56. c6 Ke7 57. Kb6 Kd8 58. Kb7 Rc7+ 59. Kb6 f6 60. exf6 gxf6 61.
h3 e5 62. Kc5 e4 63. Kd4 f5 64.
Ke3 Rxc6 65. g4 Rb6 66. gxf5 Ke7 67. Kxe4 Kf6 68. Kf4 Rb4+ 69. Kg3 Kxf5 70. h4 h5 71. Kh3 Rb3+ 72. Kg2 Kg4 73. Kh2 Kxh4 74. Kg1 Kg4 75. Kf1 h4 76. Ke1 Rb2 77. Kd1 Rh2 78.
Kc1 Kg3 79. Kd1 Rf2 80. Ke1 h3 81. Kd1 h2 82. Kc1 h1=R# 0-1

[Event "Late-Titled-Tuesday-Blitz-May-28-2024"]
[Site "Chess.com"]
[Date "2024.05.28"]
[Round "7"]
[White "aval7an"]
[Black "Kielinkei"]
[Result "0-1"]
[WhiteElo "2674"]
[BlackElo "2477"]
[TimeControl "180+1"]
[EndTime "15:19:39 PDT"]
[Termination "Kielinkei won on time"]

1. d4 Nf6 2. c4 e6 3. Nc3 Bb4 4. e3 O-O 5. a3 Bxc3+ 6. bxc3 c5 7. Bd3 d6 8. Ne2 Nc6 9. e4 e5 10. O-O b6 11. Bg5 h6 12. Bh4 g5 13. Bg3 Nh5 14. f3 Nf4 15. Qd2 Kg7 16. Kh1 Ba6 17. Bf2 Na5 18.
Nxf4 gxf4 19. Qe2 cxd4 20. cxd4 Rc8 21. Rac1 Nb3 22. Rcd1 Qc7 23. c5 Bb7 24. cxd6 Qxd6 25. dxe5 Qxe5 26. Bc4 Qc3 27. Bxb3 Qxb3 28. Bd4+ Kh7 29.
Qd2 f5 30. Qxf4 fxe4 31. Qe5 Qf7 32. f4 Rce8 33. Qb5 e3 34. Qd3+ Be4 35. Qe2 Rg8 36. Rg1 Bb7 37. Rdf1 Rg6 38. f5 Rg5 39. Bxe3 Rxf5 40. Qc2 Be4 41. Rxf5 Qxf5 42. Qd2 Qd5 43. Bxh6 Qxd2 44. Bxd2 Rd8 45. Bf4 Rd3 46. Re1 Bd5 47. Kg1 Rxa3 48. Re7+ Kg6 49. Rd7 Be4 50.
Kf2 Kf5 51. Rf7+ Ke6 52. Rf8 Ra2+ 53. Ke3 Bxg2 54. Re8+ Kd5 55. Rg8 Ra3+ 56. Ke2 Be4 57. Rd8+ Kc4 58. h4 Bf3+ 59. Kd2 b5 60. Rc8+ Kd4 61.
Rd8+ Ke4 62. Bg5 b4 63. Kc2 Rc3+ 64. Kb2 a5 65. Ra8 Ra3 66. Ra7 Kf5 67. Bd8 a4 68. Be7 Rb3+ 69. Ka2 Bd5 70. Ra5 Ra3+ 71. Kb2 Ke4 72.
Kc2 Ra2+ 0-1

[Event "Late-Titled-Tuesday-Blitz-May-28-2024"]
[Site "Chess.com"]
[Date "2024.05.28"]
[Round "7"]
[White "Grebnev_A"]
[Black "MatthewG-p4p"]
[Result "1-0"]
[WhiteElo "2672"]
[BlackElo "2843"]
[TimeControl "180+1"]
[EndTime "15:20:22 PDT"]
[Termination "Grebnev_A won by checkmate"]

1. Nf3 c5 2. c4 g6 3. d4 cxd4 4. Nxd4 Bg7 5. e4 Nc6 6. Be3 Nf6 7. Nc3 O-O 8. Be2 d6 9. O-O Nxd4 10. Bxd4 a5 11.
Rc1 Bd7 12. Qd2 Bc6 13. f3 a4 14. Rfd1 Nd7 15. Be3 Nc5 16. Bf1 Qa5 17. Nd5 Bxd5 18.
cxd5 Qb6 19. Rc2 f5 20. exf5 Rxf5 21. Bf2 Raf8 22. Re1 R5f7 23. h4 Bf6 24. h5 gxh5 25. Qh6 Rg7 26. Qxh5 Qb4 27. a3 Qb3 28. Rd2 Bg5 29.
Rdd1 Qxb2 30. Bd4 Qxa3 31. Bxg7 Be3+ 32. Kh1 Kxg7 33. Qg4+ Kh8 34. Qh4 Rf6 35. Rd3 Qxd3 36. Bxd3 Rh6 37. Qxh6 Bxh6 38. Bb5 Bg5 39. f4 Bf6 40. Re3 b6 41. g4 Kg7 42. g5 Bb2 43. Rxe7+ Kg6 44. Kg2 a3 45. Ra7 Kf5 46. Kf3 Bc1 47.
Ra4 Bb2 48. Ra8 Bc1 49. Rf8+ Kg6 50. Ra8 h6 51. gxh6 Kxh6 52. Ra7 Kg6 53. Kg4 Kf6 54. f5 Ke5 55. Be8 Bb2 56. Ra8 Kxd5 57. Kg5 Ke4 58. f6 Ne6+ 59. Kg6 Nc7 60. Bc6+ Kd3 61. f7 Ne6 62. Bd5 Nf4+ 63. Kf5 Nxd5 64. f8=Q Be5 65. Rxa3+ Nc3 66. Qe7 Kc4 67. Rxc3+ Kxc3 68. Qe6 Kb4 69. Ke4 b5 70. Kd3 Kc5 71. Kc2 b4 72. Qb3 Bc3 73. Kd3 d5 74. Qa4 Be1 75. Qa5+ Kc6 76. Kd4 Bc3+ 77.
Kd3 Kd6 78. Qb5 Ke5 79. Qe8+ Kd6 80. Qe3 Kc6 81. Kc2 Kb5 82. Kb3 Kc6 83. Qd3 Kc5 84.
Ka4 Bd4 85. Qb5+ Kd6 86. Qxb4+ Ke5 87. Qd2 Bc5 88. Qd1 Ke4 89. Kb3 Be3 90. Kc2 Bc5 91.
Qd3+ Ke5 92. Kd1 Bd4 93. Ke2 Bc5 94. Kf3 Bd4 95. Kg4 Bc5 96. Qf5+ Kd4 97. Qe6 Kc4 98. Kf4 Kd4 99. Qa6 Bb4 100. Qa4 Kc5 101. Ke5 Bc3+ 102. Ke6 Bb4 103. Qa7+ Kc4 104. Qa6+ Kd4 105. Qb6+ Kc4 106. Qc6+ Bc5 107. Qxd5+ Kb5 108. Ke5 Kb6 109. Ke4 Bf8 110. Kd3 Kc7 111. Kc4 Bd6 112. Qe6 Be7 113. Qxe7+ Kb6 114. Qd6+ Ka7 115. Qb4 Ka8 116. Kc5 Ka7 117. Kc6 Ka8 118. Qb7# 1-0

[Event "Late-Titled-Tuesday-Blitz-May-28-2024"]
[Site "Chess.com"]
[Date "2024.05.28"]
[Round "7"]
[White "AryanTari"]
[Black "alexrustemov"]
[Result "1-0"]
[WhiteElo "3027"]
[BlackElo "2853"]
[TimeControl "180+1"]
[EndTime "15:20:59 PDT"]
[Termination "AryanTari won on time"]

1. c4 c5 2. Nf3 g6 3. e4 Bg7 4. d4 cxd4 5. Nxd4 Nc6 6. Be3 d6 7. Nc3 Bxd4 8. Bxd4 Nxd4 9. Qxd4 Nf6 10. O-O-O Qb6 11.
Qxb6 axb6 12. f3 Be6 13. b3 O-O 14. Kb2 Kg7 15. Nb5 Bd7 16. Nd4 Rfd8 17. Be2 Kf8 18. g4 e6 19. h4 Ke7 20. Rd2 h6 21. Nc2 g5 22. Ne3 Bc6 23. a4 Nd7 24. Nc2 Ne5 25. Nd4 Rg8 26. h5 Rgd8 27. Rhd1 Bd7 28. Nc2 Bc6 29. Ne3 Be8 30. Rf1 Bc6 31. Bd1 Be8 32. Bc2 Bc6 33. Kc3 Be8 34. Ng2 Bc6 35. Re2 Be8 36.
f4 gxf4 37. Rxf4 Bc6 38. Ne3 Rg8 39. Ref2 Rg5 40. Bd1 Rag8 41. b4 Ra8 42. Rd2 Rgg8 43. Ra2 Rgc8 44. Bb3 Bd7 45. Kd2 Ra7 46. Rf1 Rca8 47.
Rfa1 Kf6 48. a5 bxa5 49. Rxa5 Rxa5 50. bxa5 Bc6 51. Bc2 Kg5 52. Kc3 Kf4 53. Ng2+ Kg3 54. Ne3 Kf3 55. Kd2 Kf4 56. Rf1+ Kg5 57. Ra1 Nd7 58.
Kc3 Nc5 59. Rf1 f6 60. Kb4 Bxe4 61. Bxe4 Nxe4 62. Kb5 Ra6 63. Nc2 Nc3+ 64. Kb4 Ne4 65.
Nd4 d5 66. cxd5 exd5 67. Rf5+ Kxg4 68. Rxd5 Ng3 69. Rd7 b6 70. Rg7+ Kh3 71. axb6 Rxb6+ 72. Kc5 Ra6 73. Rg6 Ra5+ 74. Kc4 Rxh5 75. Rxf6 Kg4 76. Kd3 Rh3 77. Rg6+ Kf4 78. Rg8 h5 79. Ne6+ Ke5 80.
Ng5 Ne4+ 81. Nxh3 Nf6 82. Ra8 Kf5 83. Ke3 Kg4 84. Nf2+ Kg3 85. Ra6 Nd5+ 86. Ke2 h4 87. Kf1 Ne3+ 88. Kg1 Kf3 89. Ra3 Ke2 90. Ra2+ Kf3 91.
Ra3 Ke2 92. Ra4 Kf3 93. Rxh4 Kg3 94. Rh3+ Kf4 95. Rh4+ Kf3 96. Rh8 Ke2 97. Rf8 Nc4 98. Nh3 Nd2 99. Re8+ Kd3 100. Nf4+ Kd4 101. Kf2 Ne4+ 102. Kf3 Nd2+ 103. Kg4 Kc3 104. Ng2 Nc4 105. Ne3 Nd2 106.
Kf4 Kd3 107. Rd8+ Ke2 108. Ng4 Nb3 109. Ne5 Nc1 110. Rh8 Kd2 111. Rh2+ Kc3 112. Ke4 Nb3 113. Nf3 Nc5+ 114. Kd5 Nd3 115. Ne5 Nb2 116. Rh3+ Kc2 117. Kd4 Nd1 118. Rh2+ Kc1 119. Nc4 Kb1 120. Kd3 Kc1 121. Re2 Kb1 122. Kd2 Nb2 123. Nxb2 1-0

[Event "Late-Titled-Tuesday-Blitz-May-28-2024"]
[Site "Chess.com"]
[Date "2024.05.28"]
[Round "8"]
[White "bazar-wokzal"]
[Black "jaramsdal"]
[Result "1-0"]
[WhiteElo "2584"]
[BlackElo "2401"]
[TimeControl "180+1"]
[EndTime "15:23:24 PDT"]
[Termination "bazar-wokzal won by checkmate"]

1. e4 c5 2. c3 Nf6 3. e5 Nd5 4. d4 d6 5. c4 Nc7 6. dxc5 dxe5 7.
Qxd8+ Kxd8 8. Nc3 Nba6 9. Be3 e6 10. O-O-O+ Ke8 11. Ne4 f5 12. Nd6+ Ke7 13. Bg5+ Kd7 14. Nf7+ Ke8 15. Nxh8 Bxc5 16. Rd8# 1-0

[Event "Late-Titled-Tuesday-Blitz-May-28-2024"]
[Site "Chess.com"]
[Date "2024.05.28"]
[Round "8"]
[White "dealshark"]
[Black "KebabJangles"]
[Result "1-0"]
[WhiteElo "2427"]
[BlackElo "2274"]
[TimeControl "180+1"]
[EndTime "15:23:36 PDT"]
[Termination "dealshark won by checkmate"]

1. e4 c5 2. c3 Nf6 3. e5 Nd5 4. d4 Nc6 5. Nf3 e6 6. Bc4 Nb6 7. Bb3 d6 8. Qe2 Be7 9. O-O O-O 10. Rd1 Qc7 11. Bf4 cxd4 12. cxd4 d5 13. Nc3 a6 14.
h4 Na5 15. Bc2 Nac4 16. Bd3 h6 17. Rac1 Qb8 18. Bb1 Bd7 19. Qc2 Rc8 20. Qh7+ Kf8 21. Qh8# 1-0

[Event "Late-Titled-Tuesday-Blitz-May-28-2024"]
[Site "Chess.com"]
[Date "2024.05.28"]
[Round "8"]
[White "GMthekingindian"]
[Black "HajiyevKanan"]
[Result "0-1"]
[WhiteElo "2347"]
[BlackElo "2478"]
[TimeControl "180+1"]
[EndTime "15:24:58 PDT"]
[Termination "HajiyevKanan won by resignation"]

1. d4 a6 2. e4 b5 3. Bd3 Bb7 4. Nf3 Nf6 5. Qe2 e6 6. O-O c5 7.
dxc5 Bxc5 8. a4 b4 9. Bg5 h6 10. Bh4 Qc7 11. Nbd2 Nc6 12. Nc4 Be7 13. e5 Nd5 14.
Bxe7 Kxe7 15. Nd6 Nxe5 16. Qxe5 Qxd6 17. Qxg7 Rag8 18. Qd4 Rxg2+ 19. Kxg2 Nf4+ 20. Kg3 Ne2+ 0-1

[Event "Late-Titled-Tuesday-Blitz-May-28-2024"]
[Site "Chess.com"]
[Date "2024.05.28"]
[Round "8"]
[White "MusicCityMaster"]
[Black "ExchangeAB"]
[Result "1-0"]
[WhiteElo "2404"]
[BlackElo "2485"]
[TimeControl "180+1"]
[EndTime "15:25:05 PDT"]
[Termination "MusicCityMaster won by checkmate"]

1. e4 c6 2. c4 d5 3. exd5 cxd5 4. cxd5 Nf6 5. Nc3 Nxd5 6. Nf3 g6 7. Bc4 Nb6 8. Bb3 Bg7 9. O-O O-O 10. Re1 e6 11. d4 Bd7 12. Bg5 Qc8 13. Rc1 Bc6 14.
a4 Bxf3 15. Qxf3 Qd7 16. a5 Nd5 17. Nxd5 exd5 18. Re7 Qb5 19. Bxd5 Nc6 20. Rxf7 Rxf7 21. Qxf7+ Kh8 22. Bf6 Qxd5 23. Bxg7# 1-0

[Event "Late-Titled-Tuesday-Blitz-May-28-2024"]
[Site "Chess.com"]
[Date "2024.05.28"]
[Round "8"]
[White "BAS8892"]
[Black "jaskol95"]
[Result "1-0"]
[WhiteElo "2737"]
[BlackElo "2548"]
[TimeControl "180+1"]
[EndTime "15:25:06 PDT"]
[Termination "BAS8892 won by checkmate"]

1. e4 e6 2. d4 d5 3. Nd2 Nf6 4. e5 Nfd7 5. f4 c5 6. c3 Nc6 7. Ngf3 a5 8. a4 cxd4 9. cxd4 Qb6 10. Nb3 Be7 11. Bd3 g6 12. O-O Qa7 13. Kh1 Nb6 14. Bb5 Bd7 15. Nc5 Bxc5 16. dxc5 Nc4 17. b3 Qxc5 18.
bxc4 dxc4 19. Ba3 Qd5 20. Qe2 Nb4 21. Rfd1 Nd3 22. Bxc4 Qxc4 23. Rxd3 Rc8 24. Ng5 Bxa4 25. Ne4 Rc6 26. Nf6# 1-0

[Event "Late-Titled-Tuesday-Blitz-May-28-2024"]
[Site "Chess.com"]
[Date "2024.05.28"]
[Round "8"]
[White "cassoulet"]
[Black "StoreySniper"]
[Result "1-0"]
[WhiteElo "2721"]
[BlackElo "2537"]
[TimeControl "180+1"]
[EndTime "15:25:14 PDT"]
[Termination "cassoulet won by resignation"]

1. d4 g6 2. e4 Bg7 3. Nc3 c5 4.
d5 d6 5. Be3 Qa5 6. Qd2 Nf6 7.
f3 a6 8. h4 b5 9. Nh3 Bxh3 10.
Rxh3 h5 11. Kf2 Nbd7 12. Kg1 O-O 13. Bh6 Qb4 14. Bxg7 Kxg7 15. a3 Qa5 16. Rg3 b4 17.
Nd1 Qb6 18. Ne3 bxa3 19. Nf5+ Kg8 20. Qh6 c4+ 21. Kh1 1-0

[Event "Late-Titled-Tuesday-Blitz-May-28-2024"]
[Site "Chess.com"]
[Date "2024.05.28"]
[Round "8"]
[White "CheckBits"]
[Black "Caracal3000"]
[Result "1-0"]
[WhiteElo "2411"]
[BlackElo "2550"]
[TimeControl "180+1"]
[EndTime "15:25:16 PDT"]
[Termination "CheckBits won by resignation"]

1. e4 e5 2. Nf3 Nc6 3. Bc4 Bc5 4. d3 Nf6 5. O-O d6 6. c3 a6 7. Nbd2 Ba7 8. Bb3 O-O 9. h3 h6 10. Re1 Ne7 11. Nf1 Ng6 12. Ng3 Re8 13. d4 Be6 14. Bc2 c6 15. Be3 Qc7 16. Qd2 Rad8 17. Bxh6 gxh6 18. Qxh6 Qe7 19. Nf5 Bxf5 20. exf5 Nf8 21. Nxe5 dxe5 22. Re3 N8h7 23. Rg3+ Ng4 24. Rxg4+ Ng5 25.
f6 1-0

[Event "Late-Titled-Tuesday-Blitz-May-28-2024"]
[Site "Chess.com"]
[Date "2024.05.28"]
[Round "8"]
[White "VirtualCoach"]
[Black "kalinchick"]
[Result "0-1"]
[WhiteElo "2197"]
[BlackElo "2369"]
[TimeControl "180+1"]
[EndTime "15:25:18 PDT"]
[Termination "kalinchick won by resignation"]

1. e4 e6 2. d4 d5 3. Nc3 dxe4 4. Nxe4 Nd7 5. Nf3 Ngf6 6. Bd3 Nxe4 7. Bxe4 Nf6 8. Bd3 Be7 9. O-O O-O 10. c3 b6 11. Qc2 Bb7 12. Nd2 c5 13. dxc5 Qd5 14.
Nf3 Qxc5 15. Be3 Qh5 16. Be2 Rfd8 17. Rad1 Bd6 18. h3 Nd5 19. Bd4 Nf4 20. Rfe1 Nxh3+ 21. gxh3 Bxf3 22. Bxf3 Qxf3 23. Re3 Qh5 24. Rg3 Bxg3 25.
fxg3 e5 26. g4 Qxh3 0-1

[Event "Late-Titled-Tuesday-Blitz-May-28-2024"]
[Site "Chess.com"]
[Date "2024.05.28"]
[Round "8"]
[White "cthake"]
[Black "nitpicker"]
[Result "0-1"]
[WhiteElo "1777"]
[BlackElo "2310"]
[TimeControl "180+1"]
[EndTime "15:25:21 PDT"]
[Termination "nitpicker won by resignation"]

1. c4 e5 2. Nc3 Nf6 3. d3 h6 4. g3 d5 5. cxd5 Nxd5 6. Bg2 Nf6 7. Bd2 Bd6 8. Ne4 Be7 9. Nxf6+ Bxf6 10. Bc3 Nc6 11. Nf3 O-O 12. O-O Bf5 13. Nd2 Qd7 14. Ne4 Be7 15. a3 Bh3 16. Rc1 Bxg2 17. Kxg2 Qd5 18.
Bd2 f5 19. f3 fxe4 20. dxe4 Qe6 21. b3 Rad8 22. Qc2 Nd4 23. Qxc7 Nxb3 0-1

[Event "Late-Titled-Tuesday-Blitz-May-28-2024"]
[Site "Chess.com"]
[Date "2024.05.28"]
[Round "8"]
[White "Thjop"]
[Black "lrjchess"]
[Result "0-1"]
[WhiteElo "2619"]
[BlackElo "2509"]
[TimeControl "180+1"]
[EndTime "15:25:22 PDT"]
[Termination "lrjchess won by resignation"]

1. d4 Nf6 2. Bg5 Ne4 3. Bf4 c5 4. f3 Qa5+ 5. Nd2 Nxd2 6. Bxd2 Qb6 7. Bc3 Nc6 8. dxc5 Qxc5 9. e4 d6 10. Bd3 b5 11. a3 Bb7 12. Ne2 a5 13. Nd4 b4 14. axb4 axb4 15. Rxa8+ Bxa8 16. Qa1 Bb7 17. Nxc6 bxc3 18. Qa5 Bxc6 0-1

[Event "Late-Titled-Tuesday-Blitz-May-28-2024"]
[Site "Chess.com"]
[Date "2024.05.28"]
[Round "8"]
[White "ChessLebaneseSalah"]
[Black "bancsoo"]
[Result "1-0"]
[WhiteElo "2572"]
[BlackElo "2877"]
[TimeControl "180+1"]
[EndTime "15:25:24 PDT"]
[Termination "ChessLebaneseSalah won by resignation"]

1. e4 c5 2. Nf3 Nc6 3. d4 cxd4 4.
Nxd4 Nf6 5. Nc3 e5 6. Ndb5 d6 7. Nd5 Nxd5 8. exd5 Nb8 9. a4 Be7 10. Be2 O-O 11. Bd2 Bf5 12. a5 a6 13. Na3 Nd7 14. O-O Rc8 15. Nc4 Be4 16. Be1 Nf6 17. Ne3 Bg6 18. c4 Ne4 19. f3 Bg5 20. Nc2 Nc5 21.
b4 Nb3 22. Ra3 Bxc2 23. Qxc2 Nd4 24. Qa2 Be3+ 25. Rxe3 1-0

[Event "Late-Titled-Tuesday-Blitz-May-28-2024"]
[Site "Chess.com"]
[Date "2024.05.28"]
[Round "8"]
[White "vi_pranav"]
[Black "K_A_S_T_O_R"]
[Result "1-0"]
[WhiteElo "3040"]
[BlackElo "2852"]
[TimeControl "180+1"]
[EndTime "15:25:31 PDT"]
[Termination "vi_pranav won by resignation"]

1. e4 c5 2. Nf3 d6 3. d4 cxd4 4. Nxd4 Nf6 5. Nc3 a6 6. Bg5 e6 7. Qe2 h6 8. Be3 b5 9. a3 Bb7 10. f3 Nbd7 11. g3 Rc8 12. Bh3 Ne5 13. Rd1 Nc4 14. Bc1 Qb6 15. O-O e5 16. Bxc8 Bxc8 17. Nd5 Nxd5 18. exd5 Kd8 19. b3 Na5 20. Be3 exd4 21. Bxd4 Qc7 22. Qf2 Kd7 23. Bb6 Qc3 24. Rd3 Qxd3 25. cxd3 Nxb3 26. Qc2 Nc5 27. d4 Bb7 28.
dxc5 1-0

[Event "Late-Titled-Tuesday-Blitz-May-28-2024"]
[Site "Chess.com"]
[Date "2024.05.28"]
[Round "8"]
[White "ploxoi"]
[Black "Mikhail_Golubev"]
[Result "0-1"]
[WhiteElo "2415"]
[BlackElo "2628"]
[TimeControl "180+1"]
[EndTime "15:25:33 PDT"]
[Termination "Mikhail_Golubev won by checkmate"]

1. d4 Nf6 2. c4 d6 3. g3 g6 4. Bg2 Bg7 5. Nf3 O-O 6. O-O Nbd7 7. Nc3 e5 8. e4 Re8 9. Be3 exd4 10. Nxd4 Nc5 11. Qc2 Ng4 12. Rad1 Nxe3 13. fxe3 Bg4 14.
Rde1 a5 15. Rf4 Bd7 16. Ref1 Rf8 17. Nd5 c6 18. Nf6+ Bxf6 19. Rxf6 Qe7 20. a3 a4 21.
Qf2 Rae8 22. Qf4 Nxe4 23. Bxe4 Qxe4 24. Rxd6 Bh3 25. Re1 Qg2# 0-1

[Event "Late-Titled-Tuesday-Blitz-May-28-2024"]
[Site "Chess.com"]
[Date "2024.05.28"]
[Round "8"]
[White "Pig-filth"]
[Black "shirovin"]
[Result "1-0"]
[WhiteElo "2374"]
[BlackElo "2121"]
[TimeControl "180+1"]
[EndTime "15:25:37 PDT"]
[Termination "Pig-filth won by resignation"]

1. d4 f5 2. Bg5 g6 3. Nc3 Bg7 4. e3 Nf6 5. h4 h6 6. Bxf6 Bxf6 7. Qf3 O-O 8. h5 g5 9. Qxf5 Qe8 10. Bd3 Qf7 11.
Nd5 d6 12. Qg6+ Qxg6 13. hxg6 Nd7 14. Nxc7 Rb8 15. Rxh6 Bg7 16. Bc4+ 1-0

[Event "Late-Titled-Tuesday-Blitz-May-28-2024"]
[Site "Chess.com"]
[Date "2024.05.28"]
[Round "8"]
[White "maracayo"]
[Black "N_I_Chess"]
[Result "1-0"]
[WhiteElo "2415"]
[BlackElo "2253"]
[TimeControl "180+1"]
[EndTime "15:25:42 PDT"]
[Termination "maracayo won by resignation"]

1. e4 Nf6 2. d3 d5 3. Nd2 e5 4.
Ngf3 Nc6 5. Be2 Be7 6. O-O O-O 7. h3 h6 8. c3 Be6 9. b4 a6 10. a3 Qd7 11. Re1 Rad8 12. Qc2 Rfe8 13. Bb2 Bf8 14. Bf1 dxe4 15. dxe4 Nh5 16. Nc4 Bxc4 17. Bxc4 b5 18. Bf1 Nf4 19. Rad1 Qe6 20. c4 Nd4 21. Bxd4 exd4 22. Nxd4 bxc4 23. Nxe6 1-0

[Event "Late-Titled-Tuesday-Blitz-May-28-2024"]
[Site "Chess.com"]
[Date "2024.05.28"]
[Round "8"]
[White "BogdanDeac"]
[Black "Shuvalov"]
[Result "1-0"]
[WhiteElo "3057"]
[BlackElo "2561"]
[TimeControl "180+1"]
[EndTime "15:25:43 PDT"]
[Termination "BogdanDeac won by resignation"]

1. a4 Nf6 2. h4 e5 3. a5 d5 4. e3 Bd6 5. h5 h6 6. d4 e4 7. c4 c6 8. Nc3 Bb4 9. Qa4 Na6 10. cxd5 Nxd5 11. Bxa6 bxa6 12. Qxc6+ Kf8 13. Qxa8 Nxc3 14. Bd2 Nd5 15. Qxa7 Kg8 16. Ne2 Bxd2+ 17. Kxd2 Be6 18. Qxa6 Qb8 19. Rhb1 Kh7 20. Nc3 Qh2 21. Qf1 Nb4 22. a6 Ra8 23. a7 Qc7 24. Qb5 Nd3 25.
Nxe4 Bc4 26. Qf5+ Kg8 27. b3 Rxa7 28. Rxa7 Qxa7 29. Qc8+ Kh7 30. Qxc4 f5 31. Qxd3 fxe4 32. Qxe4+ 1-0

[Event "Late-Titled-Tuesday-Blitz-May-28-2024"]
[Site "Chess.com"]
[Date "2024.05.28"]
[Round "8"]
[White "Bryanl106"]
[Black "eljanov"]
[Result "0-1"]
[WhiteElo "2694"]
[BlackElo "2890"]
[TimeControl "180+1"]
[EndTime "15:25:46 PDT"]
[Termination "eljanov won by resignation"]

1. e4 c6 2. Nf3 d5 3. Nc3 dxe4 4.
Nxe4 Nf6 5. Qe2 Na6 6. Nxf6+ gxf6 7. d4 Bg4 8. h3 Bh5 9. g4 Bg6 10. c3 Nc7 11. Bg2 e6 12. O-O Bd6 13. Nh4 Qe7 14. b4 f5 15. gxf5 Qxh4 16. fxg6 hxg6 17. c4 Qxd4 18. Bb2 Qf4 19. Rfd1 Rh5 20. c5 Be5 21. a4 Nd5 22. Bxe5 Qxe5 23. Qc4 Nf4 24. Rd4 Ne2+ 0-1

[Event "Late-Titled-Tuesday-Blitz-May-28-2024"]
[Site "Chess.com"]
[Date "2024.05.28"]
[Round "8"]
[White "Quaide7"]
[Black "GoValya"]
[Result "0-1"]
[WhiteElo "2147"]
[BlackElo "2221"]
[TimeControl "180+1"]
[EndTime "15:25:47 PDT"]
[Termination "GoValya won on time"]

1. e4 e6 2. d4 d5 3. e5 c5 4.
c3 Nc6 5. Nf3 Bd7 6. Bd3 cxd4 7.
cxd4 Qb6 8. Bc2 Nb4 9. Nc3 Rc8 10.
O-O h6 11. Bb3 Ne7 12. Be3 Nf5 13. Qd2 Be7 14. Rac1 O-O 0-1

[Event "Late-Titled-Tuesday-Blitz-May-28-2024"]
[Site "Chess.com"]
[Date "2024.05.28"]
[Round "8"]
[White "toninhojit"]
[Black "Maect19"]
[Result "0-1"]
[WhiteElo "2531"]
[BlackElo "2302"]
[TimeControl "180+1"]
[EndTime "15:25:59 PDT"]
[Termination "Maect19 won by resignation"]

1. d4 d5 2. c4 c6 3. Nf3 Nf6 4. e3 e6 5. Be2 Nbd7 6. O-O Bd6 7. b3 e5 8. dxe5 Nxe5 9. Bb2 Nxf3+ 10. Bxf3 dxc4 11.
bxc4 O-O 12. Qc2 Qe7 13. Rd1 Be5 14. Ba3 c5 15. Bb2 Rb8 16. Nc3 Be6 17. Nd5 Bxd5 18. Bxd5 Bxb2 19. Qxb2 b6 20. Rd2 Rfe8 21. Rad1 Nxd5 22.
Rxd5 Rbd8 23. Qd2 Rxd5 24. Qxd5 Qe6 25. Kf1 Qxd5 26. Rxd5 Kf8 27. Ke2 Ke7 28. Kd3 Rd8 29. e4 Rd6 30. a4 f6 31. f4 Ke6 32. f5+ Kd7 33. e5 Rxd5+ 34. cxd5 fxe5 35. g4 Kd6 36.
Ke4 a6 37. g5 b5 38. f6 gxf6 39. gxf6 bxa4 40. f7 Ke7 41. Kxe5 Kxf7 42. Kd6 a3 43. Kc7 a2 44. d6 a1=Q 45. d7 Qd4 0-1